 Dungeon Crawl Stone Soup version 0.28-a0-413-gde365fb1df (webtiles) character file.

Game seed: 13861844151378687636

2865 dracfodder the Thaumaturge (level 9, -13/48 HPs)
             Began as a Gargoyle Earth Elementalist on Sept 6, 2021.
             Was an Initiate of Sif Muna.
             Mangled by Harold (17 damage)
             ... on level 7 of the Dungeon on Sept 7, 2021.
             The game lasted 00:44:21 (6906 turns).

dracfodder the Thaumaturge (GrEE)                   Turns: 6906, Time: 00:44:22

Health: -13/48     AC:  9    Str: 12    XL:     9   Next: 75%
Magic:  16/22      EV:  6    Int: 19    God:    Sif Muna [......]
Gold:   75         SH:  0    Dex: 10    Spells: 12/26 levels left

rFire   . . .      SeeInvis .   a - +4 whip (elec)
rCold   . . .      Faith    .   (no shield)
rNeg    + . .      Spirit   .   h - +0 robe
rPois   ∞          Reflect  .   (no helmet)
rElec   +          Harm     .   (no cloak)
rCorr   .          Rampage  .   v - +0 pair of gloves
Will    .....                   (no boots)
Stlth   ++........              (no amulet)
HPRegen 0.16/turn               e - ring of wizardry
MPRegen 0.18/turn               p - +4 ring of slaying

@: marked, held
A: sickness immunity, AC +6, negative energy resistance 1, electricity
resistance, torment resistance 1, petrification resistance
a: Renounce Religion


You were on level 7 of the Dungeon.
You worshipped Sif Muna.
Sif Muna was noncommittal.
You visited 1 branch of the dungeon, and saw 7 of its levels.

You collected 272 gold pieces.
You spent 197 gold pieces at shops.

Inventory:

Hand Weapons
 a - a +4 whip of electrocution (weapon)
 b - a +0 hunting sling
Missiles
 c - 56 stones
 f - 101 arrows
 l - 56 sling bullets
 q - 111 bolts
 s - 26 poisoned darts
 w - a throwing net
Armour
 h - a +0 robe (worn)
 v - a +0 pair of gloves (worn)
Jewellery
 e - a ring of wizardry (left hand)
 p - a +4 ring of slaying (right hand)
 x - a ring of fire
Wands
 j - a wand of polymorph (4)
 o - a wand of iceblast (7)
Scrolls
 i - 3 scrolls of identify
 m - 6 scrolls of teleportation
 t - a scroll of torment {unknown}
 u - a scroll of fog
 y - a scroll of magic mapping
Potions
 d - a potion of lignification
 g - 2 potions of haste {unknown}
 k - 2 potions of degeneration {unknown}
 r - 3 potions of curing
 z - a potion of berserk rage {unknown}
 A - 2 potions of heal wounds
 B - a potion of might {unknown}


   Skills:
 + Level 2.0 Fighting
 + Level 1.8 Maces & Flails
 + Level 3.4 Slings
 + Level 0.1(2.0) Throwing
 + Level 2.3 Dodging
 + Level 3.1 Stealth
 + Level 1.0 Unarmed Combat
 * Level 9.3 Spellcasting
 + Level 1.1 Conjurations
 + Level 0.7 Transmutations
 + Level 7.8 Earth Magic
 + Level 0.8 Evocations


You had 12 spell levels left.
You knew the following spells:

 Your Spells              Type           Power      Damage    Failure   Level
a - Sandblast             Erth           76%        2d16      1%          1
b - Passwall              Tmut/Erth      20%        N/A       1%          2
c - Stone Arrow           Conj/Erth      50%        3d10      1%          3
d - Petrify               Tmut/Erth      25%        N/A       6%          4
e - Animate Armour        Summ/Erth      46%        N/A       6%          4

Your spell library contained the following spells:

 Spells                   Type           Power      Damage    Failure   Level
 Slow                     Hex            8%         N/A       4%          2
 Confusing Touch          Hex            8%         N/A       10%         3
 Yara's Violent Unravell  Hex/Tmut       5%         3d4       56%         5
 Lehudib's Crystal Spear  Conj/Erth      12%        10d4      100%        8


Dungeon Overview and Level Annotations

Branches:
Dungeon (7/15)
 Temple: D:4-7

Altars:
Makhleb
Sif Muna
The Shining One

Shops:
D:2 ?   D:6 (?(

Annotations:
D:7 Harold


Innate Abilities, Weirdness & Mutations

You are immune to sickness and miasma.
Your stone body is resilient. (AC +6)
You are immune to poison.
You resist negative energy. (rN+)
You are resistant to electric shocks. (rElec)
You are resistant to unholy torment.
You are immune to petrification.


Message History

Press: ? - help, Q - select action, (/) - cycle Shift-Dir - straight line, f/p - Harold
Aim: Harold, wielding a +2 long sword of protection, wearing a +0 scale mail and quivering 2 throwing nets (lightly wounded, 89% to hit)
The blast of sand hits Harold but does no damage.
Harold is lightly wounded.
Harold hits you with a +2 long sword of protection!
Aiming: Sandblast (safe; 1% risk of failure)
Press: ? - help, Q - select action, (/) - cycle Shift-Dir - straight line, f/p - Harold
Aim: Harold, wielding a +2 long sword of protection, wearing a +0 scale mail and quivering 2 throwing nets (lightly wounded, 89% to hit)
The blast of sand hits Harold.
Harold is moderately wounded.
Harold misses you.
Aiming: Sandblast (safe; 1% risk of failure)
Press: ? - help, Q - select action, (/) - cycle Shift-Dir - straight line, f/p - Harold
Aim: Harold, wielding a +2 long sword of protection, wearing a +0 scale mail and quivering 2 throwing nets (moderately wounded, 89% to hit)
The blast of sand hits Harold.
Harold is moderately wounded.
Harold hits you with a +2 long sword of protection!!
* * * LOW HITPOINT WARNING * * *
Aiming: Sandblast (safe; 1% risk of failure)
Press: ? - help, Q - select action, (/) - cycle Shift-Dir - straight line, f/p - Harold
Aim: Harold, wielding a +2 long sword of protection, wearing a +0 scale mail and quivering 2 throwing nets (moderately wounded, 89% to hit)
The blast of sand hits Harold.
Harold is moderately wounded.
Harold closely misses you.
Harold throws a throwing net.
The throwing net hits you.
You become entangled in the net!
You see here a throwing net.
You struggle against the net.
You struggle against the net.
Harold casts a spell at you. A sentinel's mark forms upon you.
You struggle against the net.
Harold hits you with a +2 long sword of protection.
* * * LOW HITPOINT WARNING * * *
You struggle against the net.
Harold hits you with a +2 long sword of protection!
* * * LOW HITPOINT WARNING * * *
You struggle against the net.
Harold hits you with a +2 long sword of protection!
You die...

'#(# #..# '..# #..#
#######..# ........
######### ########
#<....... #### #########
....
#######################.((
................@@h...(...
#######################..#


You could see Harold and a hound.

Vanquished Creatures
  The ghost of Malacante the Basher, a novice GnCA of Ignis (D:6)
  A wyvern (D:7)
  A steam dragon (D:7)
  A water moccasin (D:6)
  A sky beast (D:6)
  Duvessa (D:5)
  2 black bears (D:5)
  3 ogres
  A centaur (D:7)
  3 bullfrogs (D:6)
  Dowan (D:5)
  3 scorpions
  2 killer bees (D:7)
  A bullfrog zombie (D:5)
  2 hounds
  A jelly (D:6)
  Ijyb (D:5)
  Jessica (D:2)
  A centaur skeleton (D:5)
  Natasha (thrice) (D:2)
  2 iguanas
  3 orc wizards
  Terence (D:2)
  A killer bee zombie (D:5)
  2 hound zombies (D:5)
  8 gnolls
  7 adders
  A river rat (D:6)
  A white imp (D:6)
  A worm (D:4)
  2 dart slugs (D:3)
  3 orcs
  6 ball pythons
  6 endoplasms
  5 giant cockroaches
  4 goblins
  5 hobgoblins
  6 jackals
  8 kobolds
  6 quokkas
  5 bats
  A frilled lizard (D:2)
  7 rats
122 creatures vanquished.

Notes
Turn   | Place    | Note
-------+----------+-------------------------------------------
     0 | D:1      | dracfodder the Gargoyle Earth Elementalist began the quest
                  | for the Orb.
     0 | D:1      | Reached XP level 1. HP: 10/10 MP: 3/3
   118 | D:1      | Reached XP level 2. HP: 15/15 MP: 3/5
   604 | D:1      | Found a faded altar of an unknown god.
   785 | D:1      | Reached XP level 3. HP: 19/19 MP: 4/6
   807 | D:1      | Learned a level 2 spell: Passwall
   811 | D:1      | Learned a level 3 spell: Stone Arrow
  1023 | D:2      | Noticed Natasha
  1027 | D:2      | Killed Natasha
  1093 | D:2      | Reached XP level 4. HP: 24/24 MP: 4/8
  1340 | D:2      | Noticed Terence
  1352 | D:2      | Killed Terence
  1353 | D:2      | Reached skill level 3 in Spellcasting
  1407 | D:2      | Found Tithrent's Magic Scroll Emporium.
  1411 | D:2      | Noticed Natasha
  1413 | D:2      | Killed Natasha
  1442 | D:2      | Noticed Natasha
  1448 | D:2      | Killed Natasha
  1449 | D:2      | Reached skill level 4 in Spellcasting
  1449 | D:2      | Reached XP level 5. HP: 28/28 MP: 4/11
  1758 | D:2      | Reached skill level 1 in Unarmed Combat
  1761 | D:2      | Noticed Jessica
  1764 | D:2      | Killed Jessica
  2091 | D:2      | Reached XP level 6. HP: 33/33 MP: 8/12
  2358 | D:2      | Bought a scroll of teleportation for 33 gold pieces
  2358 | D:2      | Bought a scroll of fog for 22 gold pieces
  2738 | D:2      | Bought a scroll of immolation for 38 gold pieces
  2885 | D:3      | Learned a level 4 spell: Petrify
  3483 | D:4      | Reached skill level 5 in Earth Magic
  3489 | D:5      | Entered Level 5 of the Dungeon
  3622 | D:4      | Reached skill level 5 in Spellcasting
  3644 | D:4      | Reached XP level 7. HP: 37/37 MP: 7/15
  4122 | D:4      | Reached skill level 6 in Spellcasting
  4181 | D:4      | Found a glowing golden altar of the Shining One.
  4216 | D:4      | Found a burning altar of Makhleb.
  4406 | D:6      | Found a runed translucent door.
  4509 | D:5      | Noticed Duvessa
  4509 | D:5      | Noticed Dowan
  4529 | D:5      | Killed Duvessa
  4534 | D:5      | Killed Dowan
  4535 | D:5      | Reached skill level 1 in Maces & Flails
  4535 | D:5      | Reached XP level 8. HP: 42/42 MP: 6/17
  4758 | D:5      | Reached skill level 7 in Spellcasting
  4796 | D:5      | Noticed Ijyb
  4804 | D:5      | Killed Ijyb
  4824 | D:5      | Reached skill level 1 in Fighting
  5412 | D:6      | Reached skill level 1 in Slings
  5554 | D:6      | Found Teifoh's Weapon Boutique.
  5628 | D:6      | Noticed Malacante's ghost (novice GnCA)
  5690 | D:6      | Found a shimmering blue altar of Sif Muna.
  5700 | D:6      | Became a worshipper of Sif Muna the Loreminder
  5756 | D:6      | Found a runed translucent door.
  5818 | D:6      | Found Ixinunge's Weapon Emporium.
  5820 | D:6      | Found Hoenus's Magic Scroll Boutique.
  5832 | D:6      | Reached skill level 1 in Conjurations
  5832 | D:6      | Reached XP level 9. HP: 48/48 MP: 17/20
  5854 | D:6      | Bought a scroll of silence for 82 gold pieces
  5854 | D:6      | Bought a scroll of identify for 22 gold pieces
  5864 | D:6      | Upgraded the game from 0.28-a0-410-gbef64dd269 to
                  | 0.28-a0-413-gde365fb1df
  6022 | D:6      | Reached skill level 8 in Spellcasting
  6045 | D:6      | Killed Malacante's ghost
  6423 | D:7      | Reached skill level 9 in Spellcasting
  6441 | D:7      | Learned a level 4 spell: Animate Armour
  6885 | D:7      | Noticed Harold
  6906 | D:7      | Mangled by Harold

Illustrated notes

Levels and vault maps discovered:
D:1:      ebering_trefoil_3fold, layout_basic, ebering_ecumenical_altar_hall,
          minmay_misc_feat_plants, feat_on_display
D:2:      layout_loops_ring, serial_shops, shop, minmay_quantized, uniq_natasha,
          uniq_terence, uniq_jessica
D:3:      wad_pebble_path, layout_basic
D:4:      layout_cave_pools, makhleb_blood_cavern_becter, kennysheep_mini,
          chequers_serial_rivers_micro_a, corexii_checkpoint_a,
          minmay_statues_item
D:5:      layout_cave_pools, uniq_ijyb, uniq_duvessa
D:6:      layout_cave_pools, tgw_sif, ebering_ghost_sewer_f, serial_shops, shop,
          nicolae_shop_trees, shop, skrybe_limestone_x
D:7:      layout_basic, minmay_temple_entry_nine_rooms,
          minmay_misc_feat_enclosed, eino_jars, uniq_harold,
          uniq_crazy_yiuf_cottage, uniq_pikel

Skill      XL: |  1  2  3  4  5  6  7  8  9 |
---------------+----------------------------+-----
Earth Magic    | 4 5 6 7 |  7.8
Spellcasting   | 4 5 6 7 9 |  9.3
Unarmed Combat | 1 |  1.0
Maces & Flails | 1 |  1.8
Dodging        | 2 |  2.3
Fighting       | 1 2 |  2.0
Slings         | 2 3 |  3.4
Stealth        | 3 |  3.1
Conjurations   | 1 |  1.1
Throwing       | |  0.1
Transmutations | |  0.7
Evocations     | |  0.8

Action                   |  1- 3 |  4- 6 |  7- 9 || total
-------------------------+-------+-------+-------++-------
Melee: Whip              |    11 |     7 |    38 ||    56
       Club              |     2 |       |       ||     2
       Unarmed           |       |     7 |       ||     7
 Fire: Hunting sling     |       |    11 |    47 ||    58
Throw: Dart              |       |       |     3 ||     3
 Cast: Sandblast         |    33 |    49 |    97 ||   179
       Stone Arrow       |     1 |    21 |    10 ||    32
       Animate Armour    |       |       |     2 ||     2
Evoke: Wand              |       |       |     3 ||     3
  Use: Scroll            |     2 |     4 |     8 ||    14
       Potion            |       |     1 |     3 ||     4
Armor: Robe              |     5 |     3 |    42 ||    50
Dodge: Dodged            |    16 |    16 |    76 ||   108

Table legend: (Time is in decaauts)
 A = Elapsed time spent in this place.
 B = Non-inter-level travel time spent in this place.
 C = Inter-level travel time spent in this place.
 D = Time resting spent in this place.
 E = Time spent auto-exploring this place.
 F = Levels seen in this place.
 G = Mean time per level.
                   A        B        C        D        E       F      G
               +--------+--------+--------+--------+--------+-----+--------+
         Total |   6930 |   6650 |    280 |   1717 |   3271 |   7 |  990.0 |
       Dungeon |   6930 |   6650 |    280 |   1717 |   3271 |   7 |  990.0 |
               +--------+--------+--------+--------+--------+-----+--------+

Top non-repeatable levels by time:
     D:2: 1459 daAuts
     D:6: 1071 daAuts
     D:3: 1031 daAuts
     D:1: 990 daAuts
     D:5: 970 daAuts
     D:4: 891 daAuts
     D:7: 516 daAuts
